 Dungeon Crawl Stone Soup version 0.31.0-12-g77e489cdc1 (webtiles) character file.

Game seed: 8212652857969568689

237 Metae the Trooper (level 6, -7/55 HPs)
             Began as a Hill Orc Fighter on Feb 21, 2024.
             Killed from afar by a steam dragon (16 damage)
             ... with a ball of steam
             ... on level 4 of the Dungeon.
             The game lasted 00:05:47 (2747 turns).

Metae the Trooper (Hill Orc Fighter)                Turns: 2747, Time: 00:05:47

Health: -7/55      AC: 10    Str: 21    XL:     6   Next: 6%
Magic:  6/6        EV:  8    Int:  8    God:
Gold:   198        SH:  4    Dex: 10    Spells: 5/5 levels left

rFire   . . .        a - +0 war axe
rCold   . . .        c - +0 buckler
rNeg    . . .        k - +0 chain mail
rPois   +            s - +0 helmet
rElec   .            (no cloak)
rCorr   .            (no gloves)
SInv    .            (no boots)
Will    .....        (no amulet) Stlth
                     e - ring of poison resistance
HPRegen 0.29/turn    (no ring)
MPRegen 0.10/turn

%: no passive effects
@: no status effects
A: no striking features
a: no special abilities


You were on level 4 of the Dungeon.
You visited 1 branch of the dungeon, and saw 4 of its levels.

You collected 198 gold pieces.

Inventory:

Hand Weapons
 a - a +0 war axe (weapon)
 p - a +0 sling
Missiles
 i - 3 javelins (quivered)
Armour
 c - a +0 buckler (worn)
 k - a +0 chain mail (worn)
 s - a +0 helmet (worn)
Jewellery
 e - a ring of poison resistance (left hand)
 g - a ring of magical power
Talismans
 r - a beast talisman
Scrolls
 f - a scroll of poison {unknown}
 j - 4 scrolls of identify {unknown}
 l - 2 scrolls of teleportation {unknown}
 m - a scroll of fog {unknown}
 n - a scroll of fear {unknown}
 o - a scroll of amnesia {unknown}
 q - a scroll of vulnerability {unknown}
Potions
 b - a potion of enlightenment {unknown}
 d - 2 potions of might
 h - 2 potions of berserk rage {unknown}
 t - a potion of degeneration {unknown}
 u - a potion of mutation {unknown}


   Skills:
 + Level 4.8 Fighting
 + Level 4.4 Axes
 + Level 4.3 Armour
 + Level 1.8 Dodging
 + Level 4.3 Shields


You had 5 spell levels left.
You didn't know any spells.
Your spell library contained the following spells:

 Spells                   Type           Power      Damage    Failure   Level
 Magic Dart               Conj           0%         1d3       98%         1
 Necrotise                Necr           0%         1d4       98%         1
 Shock                    Conj/Air       0%         1d3       98%         1
 Blink                    Tloc           0%         N/A       99%         2
 Call Imp                 Summ           0%         N/A       99%         2
 Frozen Ramparts          Ice            0%         1d1       100%        3
 Swiftness                Air            0%         N/A       100%        3
 Vampiric Draining        Necr           0%         2d6       100%        3
 Airstrike                Air            0%         2d(0-16)  100%        4
 Leda's Liquefaction      Alch/Erth      0%         N/A       100%        4
 Martyr's Knell           Necr/Summ      0%         N/A       100%        4
 Petrify                  Alch/Erth      0%         N/A       100%        4
 Curse of Agony           Necr           0%         N/A       100%        5
 Metabolic Englaciation   Hex/Ice        0%         N/A       100%        5


Dungeon Overview and Level Annotations

Branches:
Dungeon (4/15)
 Temple: D:4-7

Altars:
The Shining One


Message History

You are engulfed in a cloud of scalding steam.
You block the steam dragon's attack.
The steam dragon claws you but does no damage.
The goblin is engulfed in a cloud of scalding steam.
The goblin hits you but does no damage.
Items here: ))) ††.
You barely miss the steam dragon. You completely miss the goblin.
You are engulfed in a cloud of scalding steam.
The quokka is engulfed in a cloud of scalding steam.
You block the steam dragon's attack.
The steam dragon claws you but does no damage.
The goblin is engulfed in a cloud of scalding steam.
The goblin barely misses you.
You hit the steam dragon but do no damage.
You barely miss the goblin. The goblin closely misses you.
The steam dragon bites you but does no damage.
The steam dragon claws you but does no damage.
The goblin is engulfed in a cloud of scalding steam.
The goblin dies!
You closely miss the steam dragon. You barely miss the goblin.
You are engulfed in a cloud of scalding steam.
* * * LOW HITPOINT WARNING * * *
The steam dragon breathes steam at you. The ball of steam misses you.
The goblin hits you but does no damage.
A goblin comes into view. It is wielding a +0 club.
You block the steam dragon's attack. The steam dragon claws you.
* * * LOW HITPOINT WARNING * * *
The goblin hits you but does no damage.
You hear a shout!
You slash the steam dragon!
The steam dragon is heavily wounded.
You barely miss the goblin. The steam dragon barely misses you.
The steam dragon claws you but does no damage.
You block the goblin's attack.
You barely miss the steam dragon.
The steam dragon is heavily wounded.
You hit the goblin but do no damage. The steam dragon breathes steam at you.
The ball of steam hits you!
You die...

..## ##....##
.## #....# ##
#....### ##
#......##### .#
#..#####...§#
..# #..# ###..#
#... #... ##§#
##<.##.. #)# ..#
#@## # ## #Dg# .
#r)### #### .
##...####..# #
#.........##
#..........#
##.........#
#...........#
........).)....#


You could see a steam dragon (catching breath), a quokka and a goblin.

Vanquished Creatures
  2 scorpions (D:4)
  Jessica (D:3)
  2 adders
  A dart slug (D:3)
  A ribbon worm (D:2)
  2 orcs
  10 ball pythons
  6 endoplasms
  2 giant cockroaches
  8 goblins
  9 hobgoblins
  2 jackals (D:1)
  3 kobolds
  4 quokkas
  5 bats
  3 frilled lizards
  5 rats
66 creatures vanquished.

Vanquished Creatures (others)
  4 goblins (D:4)
  2 hobgoblins (D:4)
6 creatures vanquished.

Grand Total: 72 creatures vanquished

Notes
Turn   | Place    | Note
-------+----------+-------------------------------------------
     0 | D:1      | Metae the Hill Orc Fighter began the quest for the Orb.
     0 | D:1      | Reached XP level 1. HP: 19/19 MP: 1/1
   144 | D:1      | Reached XP level 2. HP: 22/27 MP: 2/2
   535 | D:1      | Reached XP level 3. HP: 26/33 MP: 3/3
  1209 | D:2      | Found a glowing golden altar of the Shining One.
  1301 | D:2      | Reached skill level 1 in Dodging
  1559 | D:3      | Reached XP level 4. HP: 35/40 MP: 4/4
  1725 | D:3      | Noticed Jessica
  1729 | D:3      | Killed Jessica
  2533 | D:4      | Noticed a scorpion
  2539 | D:4      | Killed a scorpion
  2540 | D:4      | Reached XP level 5. HP: 47/47 MP: 5/5
  2593 | D:4      | Reached XP level 6. HP: 53/53 MP: 6/6
  2722 | D:4      | Noticed a steam dragon
  2747 | D:4      | Killed from afar by a steam dragon

Illustrated notes

Levels and vault maps discovered:
D:1:      dpeg_arrival_stone_temple_mockup, layout_rooms
D:2:      layout_basic, basic_altar
D:3:      kennysheep_six_static_rooms, layout_rooms, serial_co_window_serial,
          co_window_of_opportunity_a, co_window_paths_b, co_window_paths_a,
          co_window_paths_a, co_window_paths_b, co_window_corner_a,
          co_window_paths_a, co_window_broadway_b, co_window_corner_ca,
          co_window_of_opportunity_b, co_window_paths_c, co_window_2corner,
          co_window_unsneaky_path_a, glass_columns_a, uniq_jessica
D:4:      layout_layer_cave, tgw_sif, uniq_robin

Skill      XL: |  1  2  3  4 |
---------------+-------------+-----
Axes           | 3 4 |  4.4
Fighting       | 4 |  4.8
Dodging        | 1 |  1.8
Armour         | 4 |  4.3
Shields        | 4 |  4.3

Action                     |  1- 3 |  4- 6 || total
---------------------------+-------+-------++-------
  Melee: War axe           |   144 |    62 ||   206
 Armour: Scale mail        |    51 |       ||    51
         Chain mail        |    60 |    60 ||   120
  Dodge: Dodged            |    60 |    29 ||    89
  Block: Buckler           |    44 |    12 ||    56
